 Dungeon Crawl Stone Soup version 0.32-a0-909-gc671339a80 (webtiles) character file.

Game seed: 3892488131457350907

6135 Biggs the Skirmisher (level 10, -2/72 (74) HPs)
             Began as a Coglin Hunter on Apr 7, 2024.
             Was a Priest of Okawaru.
             Shot with an arrow by a centaur (3 damage)
             ... on level 9 of the Dungeon.
             The game lasted 00:16:26 (8525 turns).

Biggs the Skirmisher (Coglin Hunter)                Turns: 8525, Time: 00:16:27

HP:   -2/72 (74)    AC: 11    Str: 12    XL:     10   Next: 89%
MP:   10/10         EV: 14    Int:  8    God:    Okawaru [***...]
Gold: 448           SH:  0    Dex: 20    Spells: 9/9 levels left

rFire   . . .        a - +4 sling {Juhanna}
rCold   . . .        d - +0 sling {Tiberius}
rNeg    . . .        y - +0 swamp dragon scales
rPois   +            (no helmet)
rElec   .            h - +1 cloak
rCorr   .            o - +0 pair of gloves
SInv    .            l - +0 pair of boots
Will    .....        (amulet unavailable)
Stlth   +            (ring unavailable)
HPRegen 0.32/turn    (ring unavailable)
MPRegen 0.12/turn    (no gizmo)

%: no passive effects
@: lightly drained, revving
A: off-hand wielding, slow wielding, warmup strikes, no jewellery, clumsy 1
a: Invent Gizmo, Renounce Religion, Heroism


You were on level 9 of the Dungeon.
You worshipped Okawaru.
Okawaru was most pleased with you.
You visited 2 branches of the dungeon, and saw 10 of its levels.

You collected 508 gold pieces.
You spent 60 gold pieces at shops.

Inventory:

Hand Weapons
 a - a +4 sling (weapon) {Juhanna}
 d - a +0 sling (offhand) {Tiberius}
Armour
 c - a +0 leather armour
 h - a +1 cloak (worn)
 l - a +0 pair of boots (worn)
 o - a +0 pair of gloves (worn)
 r - a +2 ring mail of cold resistance
 y - +0 swamp dragon scales (worn)
Wands
 f - a wand of quicksilver (3)
 g - a wand of roots (3)
 n - a wand of polymorph (14)
Scrolls
 b - 2 scrolls of vulnerability
 e - 4 scrolls of identify
 j - a scroll of torment
 m - 3 scrolls of amnesia
 p - 2 scrolls of revelation
 t - 3 scrolls of immolation
Potions
 i - a potion of resistance {unknown}
 k - 2 potions of heal wounds {unknown}
 q - a potion of lignification {unknown}
 s - 2 potions of haste {unknown}
 u - 5 potions of curing {unknown}
 v - 2 potions of attraction {unknown}
 w - a potion of degeneration {unknown}


   Skills:
 - Level 5.0 Fighting
 + Level 11.6 Ranged Weapons
 - Level 8.2 Dodging
 - Level 0.7 Stealth
 - Level 5.0 Evocations


You had 9 spell levels left.
You didn't know any spells.
Your spell library contained the following spells:

 Spells                   Type           Power      Damage    Failure   Level
 Apportation              Tloc           0%         N/A       69%         1
 Sandblast                Erth           0%         2d4       69%         1
 Jinxbite                 Hex            0%         N/A       83%         2
 Stone Arrow              Conj/Erth      0%         3d7       96%         3
 Brom's Barrelling Bould  Conj/Erth      0%         2d3       100%        4
 Leda's Liquefaction      Alch/Erth      0%         N/A       100%        4
 Alistair's Intoxication  Alch           0%         N/A       100%        5
 Lee's Rapid Deconstruct  Erth           0%         3d4*      100%        5
 Permafrost Eruption      Ice/Erth       0%         2x4d1     100%        6


Dungeon Overview and Level Annotations

Branches:
Dungeon (9/15)             Temple (1/1) D:7            Lair (0/5) D:8
    Orc: D:9-12

Altars:
Ashenzari
Cheibriados
Elyvilon
Fedhas
Gozag
Hepliaklqana
Kikubaaqudgha
Makhleb
Nemelex Xobeh
Okawaru
Qazlal
Ru
Sif Muna
Trog
Uskayaw
Wu Jian
Xom
Yredelemnul
Zin

Shops:
D:6 :   D:9 *

Annotations:
D:5 Dowan, Duvessa
D:7 3 runed translucent doors, Biggs's ghost, novice CoHu


Innate Abilities, Weirdness & Mutations

You can wield a second weapon in your off-hand.
It takes a long time for you to wield or remove held weapons.
Your first few attacks do less damage.
You cannot equip rings or amulets.
You are clumsy. (Dex -2)


Message History

Something barely misses you.
A centaur comes into view.
Unknown command.
Aiming: Fastroot
Press: ? - help, Shift-Dir - straight line The roots erupt in riotous growth!
Roots grab something.
The grasping roots constrict something!
You feel sick.
You are no longer poisoned.
You hear a shout!
The centaur wields a +1 shortbow of draining.
You sense an unholy aura.
The centaur shoots an arrow.
The arrow completely misses you. Something hits you. Something burns you.
Something barely misses you.
Unknown command.
Aiming: Quicksilver Bolt
Press: ? - help, Shift-Dir - straight line The bolt of dispelling energy hits something!
Okawaru is honoured by your kill.
Reactivating autopickup.
You feel a bit more experienced.
The centaur shoots an arrow.
The arrow hits you!
* * * LOW HITPOINT WARNING * * *
You feel drained.
The centaur shoots an arrow.
The arrow hits you.
* * * LOW HITPOINT WARNING * * *
You feel drained.
Your life force feels restored.
Unknown command.
Aiming: Fastroot
Press: ? - help, Shift-Dir - straight line
Okay, then.
Aiming: Quicksilver Bolt
Press: ? - help, Shift-Dir - straight line, f - centaur
Aim: a centaur, wielding a +1 shortbow of draining (84% to hit)
The bolt of dispelling energy hits the centaur!
The centaur is almost dead.
The centaur shoots an arrow.
The arrow hits you!
* * * LOW HITPOINT WARNING * * *
You feel drained.
You die...

#.##.##............
#.##..#................
#.##...............#..#.
#.##...................c
.......(................
....###..###..#.........
.#.. ##...#...#.........
#### #..........)†.)....
##......#..@#..#
##..######.# #### ###


You could see a centaur.

Vanquished Creatures
  A two-headed ogre (D:7)
  Erica (D:9)
  A kobold demonologist (D:6)
  Maggie (D:9)
  2 hornets (D:8)
  A shadow (D:9)
  A wyvern (D:6)
  A steam dragon (D:6)
  A water moccasin (D:8)
  2 ice beasts
  A sky beast (D:7)
  2 orc warriors
  2 black bears
  3 centaurs
  3 ogres
  2 wolves (D:8)
  A phantom (D:7)
  2 gnoll sergeants
  3 kobold brigands
  3 bullfrogs
  17 killer bees
  A howler monkey (D:8)
  A gnoll bouda (D:3)
  2 jellies
  A bombardier beetle (D:4)
  3 orc priests
  3 hounds
  2 iguanas
  8 orc wizards
  12 gnolls
  5 adders
  4 ufetubi
  2 dart slugs
  5 ribbon worms
  21 orcs
  2 ball pythons
  9 endoplasms
  5 giant cockroaches
  6 goblins
  8 hobgoblins
  3 quokkas
  6 bats
  5 frilled lizards
  22 kobolds
  4 rats
191 creatures vanquished.

Notes
Turn   | Place    | Note
-------+----------+-------------------------------------------
     0 | D:1      | Biggs the Coglin Hunter began the quest for the Orb.
     0 | D:1      | Reached XP level 1. HP: 16/16 MP: 1/1
   114 | D:1      | Reached skill level 4 in Ranged Weapons
   114 | D:1      | Reached XP level 2. HP: 22/22 MP: 2/2
   450 | D:2      | Reached XP level 3. HP: 27/27 MP: 3/3
  1361 | D:3      | Reached skill level 5 in Ranged Weapons
  1361 | D:3      | Reached XP level 4. HP: 33/33 MP: 4/4
  1633 | D:3      | Reached XP level 5. HP: 38/38 MP: 5/5
  1688 | D:3      | Found a faded altar of an unknown god.
  1783 | D:3      | Reached skill level 6 in Ranged Weapons
  1826 | D:3      | Found a blossoming altar of Fedhas.
  2127 | D:3      | Found a faded altar of an unknown god.
  2130 | D:3      | Found a burning altar of Makhleb.
  2198 | D:4      | Noticed an ogre
  2203 | D:4      | Killed an ogre
  2204 | D:4      | Reached XP level 6. HP: 44/44 MP: 6/6
  2389 | D:4      | Reached skill level 7 in Ranged Weapons
  2713 | D:4      | Reached XP level 7. HP: 50/50 MP: 7/7
  2912 | D:5      | Entered Level 5 of the Dungeon
  3059 | D:5      | Noticed Dowan
  3059 | D:5      | Noticed Duvessa
  3116 | D:6      | Noticed a wyvern
  3123 | D:6      | Killed a wyvern
  3124 | D:6      | Reached skill level 8 in Ranged Weapons
  3676 | D:6      | Noticed a kobold demonologist
  3685 | D:6      | Killed a kobold demonologist
  3686 | D:6      | Reached skill level 9 in Ranged Weapons
  3686 | D:6      | Reached XP level 8. HP: 48/60 MP: 8/8
  3775 | D:6      | Reached skill level 5 in Fighting
  4064 | D:6      | Found Wesaxt's Book Shoppe.
  4405 | D:7      | Found a staircase to the Ecumenical Temple.
  4430 | Temple   | Entered the Ecumenical Temple
  4512 | D:7      | Reached XP level 9. HP: 54/68 MP: 9/9
  4591 | D:7      | Found a runed translucent gate.
  4591 | D:7      | Found a runed translucent gate.
  4591 | D:7      | Found a runed translucent gate.
  4604 | D:7      | Reached skill level 5 in Dodging
  4612 | D:7      | Noticed Biggs's ghost (novice CoHu)
  4708 | D:7      | Found an iron altar of Okawaru.
  4723 | D:7      | Became a worshipper of Warmaster Okawaru
  4811 | D:7      | Found a bloodstained altar of Trog.
  5402 | D:8      | Noticed a two-headed ogre
  5404 | D:8      | Noticed a hornet
  5416 | D:7      | Killed a two-headed ogre
  5416 | D:7      | Reached * piety under Okawaru
  5692 | D:8      | Paralysed by a hornet for 1 turns
  5696 | D:8      | Killed a hornet
  5801 | D:8      | Noticed a hornet
  5811 | D:8      | Killed a hornet
  5812 | D:8      | Reached XP level 10. HP: 64/74 MP: 10/10
  6360 | D:8      | Reached skill level 10 in Ranged Weapons
  6406 | D:8      | HP: 2/74 [orc priest/divine providence (17)]
  6410 | D:8      | Gained mutation: You are clumsy. (Dex -2) [potion of
                  | mutation]
  6412 | D:8      | HP: 1/74 [bullfrog (3)]
  6414 | D:8      | Reached skill level 1 in Evocations
  7363 | D:8      | Found a staircase to the Lair.
  7444 | D:8      | Found an opulent altar of Gozag.
  7637 | D:9      | Found Nabrit's General Store.
  7643 | D:9      | Bought 3 scrolls of identify for 60 gold pieces
  7712 | D:9      | Reached skill level 5 in Evocations
  7718 | D:9      | Reached ** piety under Okawaru
  8315 | D:9      | Noticed Maggie
  8337 | D:9      | Killed Maggie
  8338 | D:9      | Reached skill level 11 in Ranged Weapons
  8509 | D:9      | Noticed Erica
  8524 | D:9      | Killed Erica
  8524 | D:9      | Reached *** piety under Okawaru
  8525 | D:9      | HP: 1/74 [centaur/arrow (11)]
  8525 | D:9      | Shot with an arrow by a centaur

Illustrated notes

Levels and vault maps discovered:
D:1:      dpeg_arrival_rooms_c, layout_rooms
D:2:      layout_basic, roderic_roman_lattice
D:3:      layout_basic, lemuel_doored_altar, nicolae_overflow_ecumenical_swirl,
          hellmonk_ecumenical_altar_run_dry
D:4:      layout_cave_pods
D:5:      layout_basic, amethyst_overflow_temple_binary, uniq_duvessa
D:6:      layout_layer_cave, serial_shops, shop
D:7:      layout_gridville, kennysheep_mini, overflow_temple_1_default,
          temple_pool_b, ebering_ghost_rock_garden
D:8:      layout_loops_corners, nicolae_gozag_cash_rules_everything_around_me,
          erik_lair_orcish_takeover, minmay_chambers_of_fives
D:9:      layout_cave_pools, serial_shops, shop, st_stairs_10,
          amcnicky_mini_corridor_feature, kennysheep_generic_room_2, uniq_erica,
          uniq_maggie
Temple:   minmay_temple_curvy_branch

Skill      XL: |  1  2  3  4  5  6  7  8  9 10 |
---------------+-------------------------------+-----
Ranged Weapons | 4 5 6 7 9 11 | 11.6
Fighting       | 4 5 |  5.0
Dodging        | 4 8 |  8.2
Evocations     | 5 |  5.0
Stealth        | |  0.7

Action                     |  1- 3 |  4- 6 |  7- 9 | 10-12 || total
---------------------------+-------+-------+-------+-------++-------
   Fire: Sling             |   156 |   254 |   472 |   516 ||  1398
  Evoke: Wand              |       |       |       |    16 ||    16
    Use: Scroll            |       |     1 |     8 |     4 ||    13
         Potion            |       |       |       |     2 ||     2
 Armour: Leather armour    |     5 |    18 |       |       ||    23
         Ring mail         |       |     1 |   131 |   134 ||   266
         Swamp dragon scal |       |       |       |    13 ||    13
  Dodge: Dodged            |    11 |    19 |   126 |   156 ||   312

Table legend: (Time is in decaauts)
 A = Elapsed time spent in this place.
 B = Non-inter-level travel time spent in this place.
 C = Inter-level travel time spent in this place.
 D = Time resting spent in this place.
 E = Time spent auto-exploring this place.
 F = Levels seen in this place.
 G = Mean time per level.
                   A        B        C        D        E       F      G
               +--------+--------+--------+--------+--------+-----+--------+
         Total |   8600 |   8359 |    241 |    872 |   6105 |  10 |  860.0 |
       Dungeon |   8598 |   8357 |    241 |    872 |   6105 |   9 |  955.3 |
        Temple |      1 |      1 |      0 |      0 |      0 |   1 |    1.0 |
               +--------+--------+--------+--------+--------+-----+--------+

Top non-repeatable levels by time:
     D:7: 1707 daAuts
     D:8: 1478 daAuts
     D:6: 1317 daAuts
     D:9: 978 daAuts
     D:2: 972 daAuts
     D:3: 811 daAuts
     D:4: 748 daAuts
     D:1: 417 daAuts
     D:5: 166 daAuts
  Temple: 1 daAuts
